[Event "Championnat d'Europe de Blitz"]
[Date "2024.12.09"]
[White "Tudor, Henry Edward"]
[Black "Kadric, Denis"]
[WhiteElo "2375"]
[BlackElo "2544"]
[Round "10.37"]
[Result "1/2-1/2"]
[TimeControl "180+2"]

1. d4 d6 2. Nf3 Nf6 3. c4 g6 4. Nc3 Bf5 5. Nh4 Bd7 6. e4 e5 7.
Nf3 Bg7 8. Be2 O-O 9. O-O Re8 10. d5 a5 11. Ne1 Na6 12. Nd3 b6 13. Rb1 Nc5 14. f3 Nh5 15. b3 f5 16. a3 Nxd3 17. Bxd3 Nf4 18. Bc2 Qg5 19. g3 Nh3+ 20. Kg2 f4 21. b4 axb4 22. axb4 Qh6 23. Kh1 Ng5 24. Ne2 fxg3 25. Nxg3 Qh4 26.
c5 Rf8 27.
Be3 Ra3 28.
Rb3 Rxb3 29.
Bxb3 bxc5 30. bxc5 Bb5 31. Rf2 Nh3 32. Rc2 Bh6 33. Bxh6 Qxh6 34. cxd6 cxd6 35. Kg2 Ng5 36. Rf2 Nh3 37.
Ra2 Nf4+ 38. Kh1 Nd3 39. Ba4 Bc4 40. Rc2 Ba6 41. Bd7 Qe3 42. Be6+ Kh8 43. Nf1 Nf2+ 44. Kg1 Nxd1+ 45. Nxe3 Nxe3 46. Rc6 Rxf3 47.
h4 Bd3 48. Rxd6 Bxe4 49. Rd8+ Kg7 50. d6 Rf1+ 51. Kh2 Rd1 52. d7 Bf5 53. Rg8+ Kh6 54. Bxf5 Nxf5 55. d8=Q Rxd8 56. Rxd8 Nxh4 57. Re8 Nf5 58. Rxe5 Kg5 59.
Ra5 h5 60. Ra4 Ne3 61. Kh3 Nf5 62. Rb4 Kh6 63. Rb6 Kg7 64. Rb7+ Kf6 65. Rb6+ Kf7 66. Rb7+ Kf6 67. Rb6+ Kg5 68. Rb5 Kf4 69. Rb4+ Ke5 70. Rb5+ Ke4 71. Rb4+ Kf3 72. Rb5 Ke4 73. Rb4+ Nd4 74. Kh4 Ke5 75. Kg5 Nf3 76. Kxg6 h4 77. Rxh4 1/2-1/2

[Site "Europe Echecs"]

[Event "Championnat d'Europe de Blitz"]
[Date "2024.12.09"]
[White "Krasteva, Beloslava"]
[Black "Mastrovasilis, Dimitrios"]
[WhiteElo "2281"]
[BlackElo "2537"]
[Round "10.38"]
[Result "0-1"]
[TimeControl "180+2"]

1. d4 d5 2.
c4 e6 3. Nc3 Bb4 4. a3 Bxc3+ 5. bxc3 Nf6 6. e3 c6 7. cxd5 cxd5 8. Nf3 O-O 9. c4 b6 10. cxd5 Qxd5 11. Be2 Ba6 12. O-O Bxe2 13. Qxe2 Nc6 14. a4 Na5 15. Ba3 Rfc8 16. Ne5 Nc4 17. Nxc4 Rxc4 18. a5 b5 19. a6 b4 20. Bb2 Rac8 21. Rfc1 h6 22. h3 Rxc1+ 23. Rxc1 Rxc1+ 24.
Bxc1 b3 25.
f3 Qc6 26.
Qb2 Nd5 27.
Bd2 Qc2 28.
Qc1 Qxc1+ 29. Bxc1 Nxe3 30. Kf2 Nc4 0-1

[Site "Europe Echecs"]

[Event "Championnat d'Europe de Blitz"]
[Date "2024.12.09"]
[White "Oliinyk, Serafym"]
[Black "Kozul, Zdenko"]
[WhiteElo "2207"]
[BlackElo "2519"]
[Round "10.39"]
[Result "0-1"]
[TimeControl "180+2"]

1. e4 c5 2. Nf3 d6 3. d4 cxd4 4. Nxd4 Nf6 5. Nc3 Nc6 6. Bg5 e6 7. Bb5 Qb6 8. Nb3 Be7 9. Be3 Qc7 10. Qf3 O-O 11. g4 a6 12. Be2 b5 13. a3 Ne5 14. Qg3 Nc4 15. Bc1 Bb7 16. f3 Rac8 17. g5 Nh5 18. Qg4 g6 19. f4 Qb6 20. Qh3 Ng7 21. Qg3 d5 22. h4 d4 23. Nd1 Bxe4 24. Rh2 Bxc2 25. Bxc4 bxc4 26. Rxc2 Nf5 27. Qh3 cxb3 28. Rxc8 Rxc8 29. Bd2 Rc2 30. Nf2 Rxb2 31. h5 Ra2 32. Rb1 b2 33. Qd3 Rxa3 34. Qc4 Ra1 35. Qc8+ Qd8 36. Qc2 0-1

[Site "Europe Echecs"]

[Event "Championnat d'Europe de Blitz"]
[Date "2024.12.09"]
[White "Schneider, Ilja"]
[Black "Radeva, Viktoria"]
[WhiteElo "2414"]
[BlackElo "2275"]
[Round "10.40"]
[Result "1-0"]
[TimeControl "180+2"]

1. e4 c5 2. Nc3 Nc6 3. Bb5 Nd4 4. Nf3 a6 5. Bd3 Nc6 6. O-O e5 7. Bc4 d6 8. d3 Be7 9. Ng5 Bxg5 10. Qh5 Be7 11. Qxf7+ Kd7 12. Be6+ Kc7 13. Nd5+ Kb8 14. Bxc8 Kxc8 15. Qxg7 Bf6 16. Qf7 Kb8 17. f4 exf4 18. Bxf4 Ka7 19. Nxf6 Qxf6 20. Qxf6 Nxf6 21. Bxd6 Nd7 22. Rf7 Rad8 23. Raf1 Kb6 24. R1f5 Rhg8 25.
Rxh7 Rg6 26.
e5 Nf8 27.
Bxf8 Nd4 28.
Rf2 Ne6 29.
Rh6 Rxh6 30.
Bxh6 c4 31. Be3+ Kc6 32. d4 Nxd4 33. Rf6+ Kb5 34. Rd6 Rxd6 35. exd6 Ne6 36. h4 Kc6 37. h5 Kxd6 38.
h6 Nf8 39. Kf2 Ke6 40. Kf3 Kf5 41. g4+ Kg6 42. Ke4 Nd7 43. Bd4 Kxh6 44. Kd5 b5 45. Kc6 Nf8 46. Kb6 Ne6 47. Be3 Kg6 48. Kxa6 b4 49. Kb5 c3 50. b3 Nc7+ 51. Kc4 Kf6 52. Bd4+ Kg5 53. Kxb4 Nd5+ 54. Kc4 Nc7 55. a4 1-0

[Site "Europe Echecs"]

[Event "Championnat d'Europe de Blitz"]
[Date "2024.12.09"]
[White "Avramidou, Anastasia"]
[Black "Costachi, Mihnea"]
[WhiteElo "2298"]
[BlackElo "2464"]
[Round "10.41"]
[Result "0-1"]
[TimeControl "180+2"]

1. d4 Nf6 2. c4 g6 3. h4 Bg7 4. Nc3 h6 5. e4 d6 6. Be2 O-O 7. Be3 c5 8. d5 e6 9. Qd2 exd5 10. exd5 Kh7 11. h5 g5 12. Bd3+ Kh8 13. f3 Nfd7 14. O-O-O Ne5 15. f4 Nxd3+ 16. Qxd3 g4 17. Nge2 f5 18. Ng3 Na6 19. a3 Nc7 20. Bd2 Qf6 21. Qc2 Bd7 22. Rde1 a6 23.
Nd1 b5 24.
Bc3 Qf7 25. Bxg7+ Kxg7 26. Qc3+ Kh7 27. Ne3 Rae8 28. Qd3 bxc4 29. Qxc4 Nb5 30. Qd3 Nd4 31. Nxg4 Qg7 32. Nf2 Rb8 33. Nd1 Rb3 34. Nc3 Rfb8 35. Nge2 Rxb2 36. Nxd4 cxd4 37. Nd1 R2b3 38. Qe2 Rb1+ 39. Kd2 R1b2+ 40. Nxb2 Rxb2+ 41. Kd1 Rxe2 42. Rxe2 d3 43. Ree1 Qb2 44. Re7+ Kg8 45. Ke1 Qc1+ 0-1

[Site "Europe Echecs"]

[Event "Championnat d'Europe de Blitz"]
[Date "2024.12.09"]
[White "Biljanic, Ljubomir"]
[Black "Vuckovic, Zarko"]
[WhiteElo "2130"]
[BlackElo "2334"]
[Round "10.42"]
[Result "0-1"]
[TimeControl "180+2"]

1. d4 Nf6 2.
Nf3 d5 3. c4 e6 4. Nc3 c6 5. Bg5 Nbd7 6. a3 h6 7. Bxf6 Nxf6 8. e3 Bd6 9. Qc2 O-O 10. Be2 b6 11. O-O Bb7 12. Rac1 Rc8 13. b4 c5 14. dxc5 bxc5 15. b5 d4 16. exd4 Bxf3 17. Bxf3 cxd4 18. Ne4 Nxe4 19. Bxe4 Bxa3 20. Ra1 Bc5 21. Qe2 Bb6 22. Bd3 Rc5 23. Qf3 Qf6 24. Qe4 g6 25. Rfe1 Kg7 26. Re2 Rd8 27. Rae1 Ba5 28. Ra1 Bb6 29. Rae1 h5 30. Qb7 Rc7 31. Qe4 Rh8 32. h3 h4 33. Ra2 Rh5 34. Qe2 Rcc5 35. Ra3 Qf4 36. Qe4 Qd6 37. Qf3 Bc7 38. Rxa7 Qh2+ 39. Kf1 Rhe5 40. Re4 Rxe4 41. Bxe4 Rxc4 42. b6 Qh1+ 43. Ke2 Rc1 0-1

[Site "Europe Echecs"]

[Event "Championnat d'Europe de Blitz"]
[Date "2024.12.09"]
[White "Arnaudov, G. Petar"]
[Black "Mueller, Magnus"]
[WhiteElo "2401"]
[BlackElo "2166"]
[Round "10.43"]
[Result "1/2-1/2"]
[TimeControl "180+2"]

1. Nf3 d5 2. c4 e6 3. g3 dxc4 4. Bg2 Nd7 5. O-O a6 6. Qc2 Ngf6 7. Rd1 Be7 8. Na3 Bxa3 9. bxa3 Rb8 10. a4 O-O 11. Ba3 c5 12. Qxc4 b5 13. Qc2 Qb6 14. Rac1 b4 15. Bb2 Bb7 16. d3 Bd5 17. Nd2 Bxa2 18. Nc4 Bxc4 19. Qxc4 Qa5 20. g4 Rfc8 21. g5 Nd5 22. Bxd5 Nb6 23. Qh4 Nxd5 24. Qg3 Qxa4 25. Qe5 Nc3 26. Rxc3 Qxd1+ 27. Kg2 bxc3 28. Bxc3 f6 29. Qxe6+ Kh8 30.
gxf6 Rg8 31. fxg7+ Rxg7+ 32. Bxg7+ Kxg7 33. Qe5+ Kg6 34. Qd6+ Kg7 35. Qc7+ Kg6 36. Qd6+ Kg7 37. Qg3+ Kh6 38. Qf4+ Kg6 39. Qxb8 Qxe2 40. Qd6+ Kg7 41. Qxa6 Qg4+ 42. Kf1 Qd1+ 43.
Kg2 Qg4+ 44. Kf1 1/2-1/2

[Site "Europe Echecs"]

[Event "Championnat d'Europe de Blitz"]
[Date "2024.12.09"]
[White "Kesidis, Odyseas"]
[Black "Nikolovski, Nikola"]
[WhiteElo "2241"]
[BlackElo "2407"]
[Round "10.44"]
[Result "0-1"]
[TimeControl "180+2"]

1. e4 d5 2.
exd5 Qxd5 3. Nc3 Qa5 4. Bc4 Nf6 5. d3 Bg4 6. f3 Bf5 7. Bd2 c6 8. Qe2 e6 9. O-O-O Qc7 10. g4 Bg6 11. f4 Be7 12. Re1 b5 13. Bb3 a5 14. a4 b4 15. Ne4 Bxe4 16. dxe4 Na6 17. g5 Nd7 18. f5 Nac5 19.
fxe6 Nxb3+ 20. cxb3 fxe6 21. Qc4 Qd6 22. Nf3 Nb6 23. Qe2 O-O 24. Be3 c5 25. Rd1 Qc6 26. Bf2 Nxa4 27. Ne5 Qc7 28. Bg3 Bxg5+ 29. Kb1 Nb6 30. Ng6 Qa7 31. Nxf8 a4 32. Qh5 axb3 33. Qxh7+ Kxf8 34. Qh8+ Kf7 35. Qh5+ Kg8 36. Rd8+ Rxd8 37.
Qxg5 Qa2+ 0-1

[Site "Europe Echecs"]

[Event "Championnat d'Europe de Blitz"]
[Date "2024.12.09"]
[White "Mohr, Georg"]
[Black "Redzisz, Michal"]
[WhiteElo "2385"]
[BlackElo "2263"]
[Round "10.45"]
[Result "0-1"]
[TimeControl "180+2"]

1. d4 Nf6 2.
Nf3 d5 3. e3 c6 4. Bd3 Bg4 5. Nbd2 e6 6. h3 Bh5 7. O-O Bd6 8. e4 dxe4 9. Nxe4 Nxe4 10. Bxe4 Nd7 11. c3 O-O 12. Bc2 e5 13. Re1 f5 14. Bb3+ Kh8 15. g4 fxg4 16. Ng5 Qf6 17. Be3 exd4 18. cxd4 Rae8 19. hxg4 Rxe3 20. Rxe3 Qxf2+ 21. Kh1 Qh2# 0-1

[Site "Europe Echecs"]

[Event "Championnat d'Europe de Blitz"]
[Date "2024.12.09"]
[White "Goraj, Barbara"]
[Black "Domingo Nunez, Ruben"]
[WhiteElo "2178"]
[BlackElo "2409"]
[Round "10.46"]
[Result "1-0"]
[TimeControl "180+2"]

1. e4 g6 2.
d4 Bg7 3. Nc3 c6 4. Be3 d5 5. e5 f6 6. f4 Nh6 7. Nf3 Bg4 8. Be2 O-O 9. h3 Bxf3 10. Bxf3 Nf5 11. Bf2 fxe5 12. fxe5 e6 13. Qe2 c5 14. dxc5 Nc6 15. O-O-O Qg5+ 16. Kb1 Rae8 17. Nb5 Bxe5 18. Nxa7 Nfd4 19. Bxd4 Nxd4 20. Qd3 Qf6 21. Rhf1 Nf5 22. c3 Qg5 23. Rfe1 Bg3 24. Re2 Kg7 25. Nb5 Bf4 26. Rde1 Qf6 27. Bg4 h5 28. Bxf5 gxf5 29. Qf3 Bh6 30. Nc7 Qg6 31. Nxe8+ Rxe8 32. Ka1 f4 33. Rd1 Qf5 34. Qd3 Qf7 35. Qd4+ Kg8 36. Re5 Bg7 37. Rg5 Kf8 38.
Qd3 Bh6 39.
Rg6 Bg7 40. Rf1 e5 41. Rd6 d4 42. cxd4 e4 43. Qe2 Kg8 44. d5 Qf5 45. c6 Qe5 46. Rd7 bxc6 47. dxc6 Rb8 48. c7 Rxb2 49. c8=Q+ Kh7 50.
Rxg7+ 1-0

[Site "Europe Echecs"]

[Event "Championnat d'Europe de Blitz"]
[Date "2024.12.09"]
[White "Kizov, Atanas"]
[Black "Ribeiro, Rodrigo"]
[WhiteElo "2396"]
[BlackElo "2143"]
[Round "10.47"]
[Result "1/2-1/2"]
[TimeControl "180+2"]

1. d4 d5 2. c4 e6 3. Nf3 Nf6 4. g3 dxc4 5. Bg2 Bd7 6. O-O Bc6 7. Nc3 Nbd7 8. e3 Be7 9.
Qe2 Nb6 10. e4 O-O 11. Rd1 Bb4 12. Ne5 Qe8 13. Bg5 Be7 14. Nxc6 bxc6 15. Rac1 Rd8 16. h4 Nfd7 17. Qg4 Bxg5 18.
hxg5 c5 19.
d5 Ne5 20. Qe2 Nd3 21. Rc2 exd5 22. exd5 Qxe2 23. Rxe2 Rfe8 24. Rxe8+ Rxe8 25. b3 Re1+ 26. Rxe1 Nxe1 27. bxc4 Nxg2 28. Kxg2 Nxc4 29. Nb5 Nb6 30. Nxc7 Kf8 31. Kf3 Ke7 32. Ke4 Kd7 33. Nb5 a6 34. Nc3 Kd6 35. a4 Nc4 36. Kd3 Ne5+ 37. Ke4 Nd7 38. a5 Ne5 39. f4 Nc4 40. Kd3 1/2-1/2

[Site "Europe Echecs"]

[Event "Championnat d'Europe de Blitz"]
[Date "2024.12.09"]
[White "Aliyev, Elnur"]
[Black "Popovic, Milos T"]
[WhiteElo "2079"]
[BlackElo "2334"]
[Round "10.48"]
[Result "1-0"]
[TimeControl "180+2"]

1. e4 c5 2. Nf3 Nc6 3. Bb5 e5 4. O-O Nge7 5. Na3 g6 6. Nc4 d6 7. b4 cxb4 8. d4 a6 9. dxe5 axb5 10. Nxd6+ Kd7 11. Nxf7+ Kc7 12.
Nxd8 1-0

[Site "Europe Echecs"]

[Event "Championnat d'Europe de Blitz"]
[Date "2024.12.09"]
[White "Narva, Mai"]
[Black "Minas, Ioannis"]
[WhiteElo "2413"]
[BlackElo "1987"]
[Round "10.49"]
[Result "1-0"]
[TimeControl "180+2"]

1. e4 e5 2.
Nf3 Nc6 3. Bc4 f5 4. d3 Nf6 5. O-O fxe4 6. dxe4 Bb4 7. a3 Ba5 8. Ng5 Qe7 9. Bf7+ Kf8 10. Ba2 Nd8 11. Nd2 h6 12. Ngf3 Bxd2 13. Bxd2 g5 14. Nxe5 Qxe5 15. Bc3 Qe7 16. f4 g4 17. Qd4 Kg7 18. e5 Kf8 19. exf6 Qd6 20. Bb4 1-0

[Site "Europe Echecs"]

[Event "Championnat d'Europe de Blitz"]
[Date "2024.12.09"]
[White "Nikolaev, Georgi"]
[Black "Domalchuk-Jonasson, Aleksandr"]
[WhiteElo "2032"]
[BlackElo "2377"]
[Round "10.50"]
[Result "1-0"]
[TimeControl "180+2"]

1. e4 e5 2. Nf3 Nc6 3. d4 exd4 4. Bc4 Nf6 5. e5 Ne4 6. Qe2 Nc5 7. O-O Ne6 8. c3 dxc3 9. Nxc3 d6 10. Rd1 Be7 11. b3 O-O 12. Bb2 Bd7 13. Ne4 dxe5 14. Nxe5 Nxe5 15.
Bxe5 Qc8 16.
Qg4 g6 17.
Nf6+ Bxf6 18. Bxf6 h6 19. Qh4 Kh7 20. Rd3 Ng7 21. Rad1 Nf5 22. Qf4 Be6 23. g4 Bxc4 24. Qxc4 Nd6 25. Qf4 Rh8 26. Qxh6+ Kxh6 27. Rh3# 1-0

[Site "Europe Echecs"]

[Event "Championnat d'Europe de Blitz"]
[Date "2024.12.09"]
[White "Zlatkov, Anton"]
[Black "Tsolakidou, Stavroula"]
[WhiteElo "2324"]
[BlackElo "2451"]
[Round "10.51"]
[Result "1-0"]
[TimeControl "180+2"]

1. c4 Nf6 2. Nc3 g6 3. d4 Bg7 4. g3 O-O 5. Bg2 d6 6. Nf3 c6 7. O-O Qb6 8. c5 dxc5 9. Na4 Qd8 10. Nxc5 a5 11. Bf4 Na6 12. Nd3 Nb4 13. a3 Nbd5 14. Be5 Ne4 15. Bxg7 Kxg7 16. Nfe5 Ndf6 17. e3 Qb6 18. Qe2 a4 19. Rac1 Nd6 20. Nc5 Rd8 21. Rfd1 Bf5 22. g4 Bc8 23. g5 Nd5 24. Qd2 f6 25. gxf6+ exf6 26. Ned3 Ne7 27. Nf4 Kf7 28. d5 g5 29. Nfe6 Bxe6 30. dxe6+ Kg7 31. Nd7 Rxd7 32. exd7 Nf7 33. Qb4 Qxb4 34. axb4 Rd8 35.
b5 Ne5 36.
bxc6 bxc6 37. Rd4 Rxd7 38. Rxd7 Nxd7 39. Bxc6 1-0

[Site "Europe Echecs"]

[Event "Championnat d'Europe de Blitz"]
[Date "2024.12.09"]
[White "Zhukovskyi, Myhaylo"]
[Black "Narva, Triin"]
[WhiteElo "2189"]
[BlackElo "2064"]
[Round "10.52"]
[Result "1-0"]
[TimeControl "180+2"]

1. Nf3 d5 2. g3 Nf6 3. Bg2 c5 4. O-O Nc6 5. d4 e6 6. c4 Be7 7. cxd5 exd5 8. dxc5 Bxc5 9. a3 a5 10. Nc3 O-O 11. Bg5 Be6 12. Rc1 Be7 13. Nd4 h6 14. Bf4 Rc8 15. Qd2 Nxd4 16. Qxd4 Bc5 17. Qd2 Qd7 18. Be5 Ng4 19. Bd4 Bxd4 20. Qxd4 Rc4 21.
Qd2 d4 22.
Ne4 Rfc8 23.
Rxc4 Rxc4 24. Qxa5 Rc2 25. Nc5 Qe7 26. Qa8+ Kh7 27. Be4+ f5 28. Nxe6 Qxe6 29. Bxc2 1-0

[Site "Europe Echecs"]

[Event "Championnat d'Europe de Blitz"]
[Date "2024.12.09"]
[White "Dragicevic, Drazen"]
[Black "Babrauskas, Darius"]
[WhiteElo "2332"]
[BlackElo "2063"]
[Round "10.53"]
[Result "1/2-1/2"]
[TimeControl "180+2"]

1. Nf3 Nf6 2. g3 g6 3. Bg2 Bg7 4. O-O O-O 5. d4 d5 6. Ne5 Nbd7 7. c4 e6 8. Nc3 c6 9. Nxd7 Nxd7 10. b3 c5 11. e3 cxd4 12. exd4 dxc4 13. bxc4 Nb6 14. Ba3 Re8 15. Qb3 a6 16. Rfd1 Qc7 17. c5 Nd5 18. Nxd5 exd5 19. Bxd5 Bg4 20. Qxb7 Qxb7 21. Bxb7 Rab8 22. c6 Bf3 23. d5 Bxa1 24. Rxa1 Bxd5 25. Bd6 Rxb7 26. cxb7 Bxb7 27.
Rb1 Bd5 28. Ra1 Re2 29. a3 f6 30. Bc5 Bf3 31. Be3 g5 32. h3 h5 33. Kh2 g4 34. hxg4 hxg4 35. Rc1 Kf7 36. Rc7+ Kg6 37. Rc1 Ra2 38.
Bc5 1/2-1/2

[Site "Europe Echecs"]

[Event "Championnat d'Europe de Blitz"]
[Date "2024.12.09"]
[White "Smeets, Jan"]
[Black "Yuste Valenzuela, Alejandro"]
[WhiteElo "2552"]
[BlackElo "2150"]
[Round "10.54"]
[Result "1-0"]
[TimeControl "180+2"]

1. e4 g6 2.
d4 Bg7 3. Nc3 c6 4. f4 d5 5. e5 Nh6 6. Nf3 Bg4 7. h3 Bxf3 8. Qxf3 Nf5 9. Ne2 h5 10. g4 Nh4 11. Qg3 e6 12. Be3 Bf8 13. O-O-O Be7 14. Kb1 Nd7 15.
Nc1 c5 16.
c4 cxd4 17.
Bxd4 dxc4 18. Bxc4 Qa5 19. Nb3 Qb4 20. Qd3 O-O-O 21. a3 Qa4 22. Bb5 Nc5 23. Nxc5 Qxd4 24. Qxd4 Rxd4 25. Rxd4 Bxc5 26. Rc1 b6 27. b4 1-0

[Site "Europe Echecs"]

[Event "Championnat d'Europe de Blitz"]
[Date "2024.12.09"]
[White "Van Foreest, Jorden"]
[Black "Jobava, Baadur"]
[WhiteElo "2677"]
[BlackElo "2578"]
[Round "11.1"]
[Result "1/2-1/2"]
[TimeControl "180+2"]

1. d4 d5 2.
c4 dxc4 3. Nf3 Nf6 4. e3 Bg4 5. h3 Bh5 6. Nbd2 e6 7. Nxc4 Bb4+ 8. Bd2 Bxd2+ 9. Qxd2 Bxf3 10. gxf3 Nbd7 11. f4 O-O 12. Bg2 c6 13. O-O a5 14. b4 axb4 15. Qxb4 Ra7 16. a4 Nd5 17. Qb3 Qc7 18. a5 g6 19. Rab1 Rb8 20. Rfc1 Qd8 21. Qd1 Qe7 22. Rb3 Nc7 23. Qd2 Nb5 24. Qb4 Qxb4 25.
Rxb4 Kf8 26.
Rcb1 Ke7 27.
R1b2 Nd6 28.
Ne5 Nxe5 29.
fxe5 Nb5 30. e4 Rxa5 31. d5 Rba8 32. Bf1 f6 33. exf6+ Kxf6 34. Bxb5 Rxb5 35. Rxb5 cxb5 36. Rxb5 exd5 37. Rxb7 dxe4 1/2-1/2

[Site "Europe Echecs"]

[Event "Championnat d'Europe de Blitz"]
[Date "2024.12.09"]
[White "Sarana, Alexey"]
[Black "Korobov, Anton"]
[WhiteElo "2674"]
[BlackElo "2629"]
[Round "11.2"]
[Result "1-0"]
[TimeControl "180+2"]

1. d4 Nf6 2.
c4 b6 3. f3 Nc6 4. Nc3 e5 5. d5 Ne7 6. g4 Ng6 7. h4 h5 8. g5 Ng8 9. e3 Bc5 10. Bd3 N8e7 11. Nge2 d6 12. Ng3 a6 13. a3 b5 14. cxb5 axb5 15. Bxb5+ Bd7 16. Bd3 Qb8 17. Qc2 Qb7 18. Kf2 Nf4 19. Be4 Nfxd5 20. b4 Bb6 21. Nxd5 Nxd5 22. Rd1 Nxb4 23. axb4 Qxe4 24.
Nxe4 Rxa1 25. Bb2 Ba4 26. Nxd6+ 1-0

[Site "Europe Echecs"]

[Event "Championnat d'Europe de Blitz"]
[Date "2024.12.09"]
[White "Livaic, Leon"]
[Black "Fedoseev, Vladimir"]
[WhiteElo "2560"]
[BlackElo "2709"]
[Round "11.3"]
[Result "0-1"]
[TimeControl "180+2"]

1. d4 d5 2.
c4 dxc4 3.
e3 Nf6 4.
Bxc4 e6 5.
Nf3 c5 6. O-O Nc6 7. dxc5 Qc7 8. b3 Bxc5 9. Bb2 O-O 10. Nbd2 Qe7 11. a3 b6 12. b4 Bd6 13. Rc1 Bb7 14. Bd3 Rfd8 15. Qc2 Rac8 16. Qb1 h6 17. Ne4 Nxe4 18. Bxe4 f5 19. Bd3 a5 20. bxa5 Nxa5 21. Rxc8 Rxc8 22. Be2 Be4 23. Qd1 Rc2 24. Bd4 Qc7 25. Bd3 Ra2 26. Bxe4 fxe4 27. Nd2 e5 28. Ba1 Qc6 29. Nb3 Nc4 30. Qb1 Rxa3 31. Rc1 Qb5 32. Nd2 Qxb1 0-1

[Site "Europe Echecs"]

[Event "Championnat d'Europe de Blitz"]
[Date "2024.12.09"]
[White "Horvath, Dominik"]
[Black "Deac, Bogdan-Daniel"]
[WhiteElo "2542"]
[BlackElo "2696"]
[Round "11.4"]
[Result "0-1"]
[TimeControl "180+2"]

1. Nf3 d5 2. g3 Nf6 3. Bg2 e6 4. O-O Be7 5. c4 O-O 6. d3 Nc6 7. a3 dxc4 8. dxc4 e5 9. Nc3 Be6 10. Qb3 Na5 11. Qc2 Qc8 12. Nxe5 Nxc4 13. Nxc4 Bxc4 14. Bf4 c6 15. Rac1 Rd8 16. Ne4 Be6 17. Nxf6+ Bxf6 18. b4 a6 19. Rfd1 Rxd1+ 20. Rxd1 Qe8 21. Bf3 Rd8 22. Be3 Be7 23. Bb6 Rxd1+ 24. Qxd1 Qf8 25. Kg2 Qc8 26. h4 h6 27. Qd3 Qf8 28. Be3 Qd8 29. Qc2 a5 30. Bc5 axb4 31. axb4 Qf8 32. Qc3 Qd8 33. Qc2 Bf8 34. Qc3 Bd5 35. Bxf8 Bxf3+ 36. Qxf3 Qxf8 37. Qc3 Qe7 38. e3 Qe4+ 39. Kg1 Qd5 40. Qc2 b6 41. Qc3 c5 42. bxc5 bxc5 43. Kf1 h5 44. Ke2 g6 45. Qd3 Qa2+ 46. Qd2 Qa6+ 47. Qd3 Qc6 48. Qc4 Kf8 49. e4 Qb6 50. Ke3 Qa5 51. Ke2 Ke7 52. Qd5 Qc3 53. Qb7+ Kf6 54. Qc6+ Kg7 55. Qd5 Qc2+ 56. Ke3 Qc3+ 57. Ke2 c4 58. e5 Qb2+ 59. Kf3 c3 60. e6 c2 61. e7 c1=Q 0-1

[Site "Europe Echecs"]

[Event "Championnat d'Europe de Blitz"]
[Date "2024.12.09"]
[White "Santos Latasa, Jaime"]
[Black "Muradli, Mahammad"]
[WhiteElo "2628"]
[BlackElo "2588"]
[Round "11.5"]
[Result "1/2-1/2"]
[TimeControl "180+2"]

1. Nf3 c5 2.
c4 Nc6 3. d4 cxd4 4. Nxd4 Nf6 5. Nc3 e6 6. e4 Bb4 7. Nxc6 dxc6 8. Qxd8+ Kxd8 9. e5 Nd7 10. Bf4 Bxc3+ 11. bxc3 b6 12. h4 Ba6 13. h5 h6 14. Rh3 Ke7 15. Rg3 Rhg8 16. Rd1 Rad8 17. Be2 f6 18. exf6+ Nxf6 19. Rxd8 Kxd8 20. Be5 Ke7 21. Rg6 Ne8 22. g4 c5 23. f4 Kf7 24. g5 hxg5 25. Rxg5 Rh8 26. Bd3 Nf6 27. Bg6+ Kf8 28.
Bd6+ Kg8 29. Re5 Bxc4 30. f5 exf5 31. Re7 Rxh5 32. Bxh5 Nxh5 33. Rxa7 Nf6 34. Be5 Nd5 35. Rxg7+ Kf8 36.
Ra7 Ke8 37.
a3 Bd3 38. Kd2 Bc4 39. a4 f4 40. a5 bxa5 41. Rxa5 f3 42. Ke1 Ne3 43. Rxc5 Ng4 44. Bd4 Bd3 45. Rg5 Nh6 46. Kf2 Be2 47. Bg7 Nf7 48. Rd5 Ke7 49. Bd4 Ke6 50. Ra5 Nd6 51. Re5+ Kd7 52. Bc5 Nc4 53. Re4 Kc6 54. Bb4 Kb5 55. Rxe2 fxe2 1/2-1/2

[Site "Europe Echecs"]

[Event "Championnat d'Europe de Blitz"]
[Date "2024.12.09"]
[White "Pantsulaia, Levan"]
[Black "Pichot, Alan"]
[WhiteElo "2522"]
[BlackElo "2637"]
[Round "11.6"]
[Result "0-1"]
[TimeControl "180+2"]

1. Nf3 Nf6 2. g3 d5 3. Bg2 e6 4. O-O Be7 5. c4 O-O 6. b3 d4 7. e3 c5 8. exd4 cxd4 9. Ne5 Qc7 10. Re1 Nbd7 11. Nd3 Nc5 12. Nxc5 Bxc5 13. d3 e5 14. Ba3 Rb8 15. Bxc5 Qxc5 16. a3 Bf5 17. b4 Qc7 18. Qb3 b6 19. Nd2 Rfe8 20. Rac1 h6 21. Bf1 Nd7 22. Ne4 Be6 23. Bg2 f5 24. Nd2 Nf6 25. Qa4 Bf7 26. Qb5 Re7 27. c5 bxc5 28. Qxc5 Qxc5 29. Rxc5 Rbe8 30. Bc6 Rc8 31. b5 Nd7 32. Rcc1 Nb8 33. Bg2 Rc3 34. Rxc3 dxc3 35. Nc4 e4 36. Bf1 exd3 37. Rxe7 c2 38. Rxf7 c1=Q 39. Rb7 Qxc4 40. Rxb8+ Kf7 41. Rd8 Qxb5 42. Rxd3 Qc5 43. Rb3 a5 44. a4 Kf6 45. Bb5 Qd4 46. Rd3 Qe5 47. Kg2 g5 48. h3 h5 49. Re3 Qd5+ 50. Kg1 f4 51. gxf4 gxf4 52. Rd3 Qe4 53. Kh2 f3 54. Re3 Qf4+ 55. Kh1 Kg5 56. Bc6 Qc4 57. Bb5 Qc1+ 58. Kh2 Kf4 59. Rd3 Qc2 60. Rd4+ Ke5 0-1

[Site "Europe Echecs"]

[Event "Championnat d'Europe de Blitz"]
[Date "2024.12.09"]
[White "Mamedov, Rauf"]
[Black "Zajic, Milan"]
[WhiteElo "2656"]
[BlackElo "2392"]
[Round "11.7"]
[Result "1-0"]
[TimeControl "180+2"]

1. e4 e5 2. Nf3 Nc6 3. Bc4 Nf6 4. d3 Bc5 5. Nc3 a6 6. Bg5 h6 7. Bxf6 Qxf6 8. Nd5 Qd8 9. c3 Ba7 10. d4 O-O 11. dxe5 Re8 12. O-O Nxe5 13. Nxe5 Rxe5 14. Qf3 Re6 15. Nf4 Re8 16. e5 d6 17. exd6 Qxd6 18. Rad1 Qf6 19. Qg3 c6 20. h4 Bb8 21. Nh5 Bxg3 22. Nxf6+ gxf6 23. fxg3 Kg7 24. Rf4 b5 25. Bb3 Ra7 26. Rd6 Be6 27. Rxc6 Bxb3 28. axb3 Re2 29.
Rg4+ Kf8 30.
Rxf6 Rxb2 31. b4 a5 32. bxa5 Rxa5 33. Rgf4 Ra1+ 34. Kh2 Raa2 35. Kh3 h5 36. R6f5 Rxg2 37. Rxh5 Rh2+ 38. Kg4 Rhc2 39. Rxb5 Rxc3 40. Rb8+ Ke7 41. Rb7+ Ke6 42. Rbxf7 Raa3 43. Rf3 Rc4+ 44. Kh3 Ra1 45. R7f4 Rc2 46. Re3+ Kd6 47. Kg4 Rh1 48. Rd4+ Kc5 49. Rd8 Rf2 50. Rc3+ Kb6 51. Rb8+ 1-0

[Site "Europe Echecs"]

[Event "Championnat d'Europe de Blitz"]
[Date "2024.12.09"]
[White "Baidetskyi, Valentin"]
[Black "Fressinet, Laurent"]
[WhiteElo "2519"]
[BlackElo "2588"]
[Round "11.8"]
[Result "1/2-1/2"]
[TimeControl "180+2"]

1. e4 e5 2. Bc4 Nf6 3. d3 Bc5 4. Nf3 Nc6 5. Bg5 h6 6. Bh4 d6 7. c3 a6 8. Nbd2 Ba7 9. O-O Qe7 10. Kh1 Be6 11. b4 O-O 12. a4 Bxc4 13. Nxc4 Qe6 14. Ncd2 Ne7 15. Qb3 Ng6 16. Qxe6 fxe6 17. Bg3 Nh5 18. d4 exd4 19. cxd4 Nxg3+ 20. hxg3 c6 21. Rfe1 e5 22. Nc4 Bxd4 23. Nxd4 exd4 24. f4 d5 25. Nb6 Rad8 26. exd5 cxd5 27. Rad1 Rfe8 28. Rxe8+ Rxe8 29. Rxd4 Re4 30. Rxe4 dxe4 31. Kg1 Ne7 32. Kf2 Nf5 33. g4 e3+ 34. Ke2 Nd4+ 35. Kxe3 Nc2+ 36. Kd3 Nxb4+ 37. Kc4 Nc2 38. Kc5 Ne3 39. Kd6 Nxg2 40. Kc7 Nxf4 41. Kxb7 Nd3 42. Kxa6 Nc5+ 43.
Kb5 Nxa4 44. Nxa4 Kf7 45. Kc4 Kg6 46. Nc5 Kg5 47. Ne6+ Kxg4 48. Nxg7 h5 49. Nxh5 1/2-1/2

[Site "Europe Echecs"]

[Event "Championnat d'Europe de Blitz"]
[Date "2024.12.09"]
[White "Peyrer, Konstantin"]
[Black "Alonso Rosell, Alvar"]
[WhiteElo "2440"]
[BlackElo "2532"]
[Round "11.9"]
[Result "1-0"]
[TimeControl "180+2"]

1. c4 c5 2. Nf3 Nf6 3. g3 Nc6 4. Bg2 d6 5. Nc3 g6 6. O-O Bg7 7. d4 cxd4 8. Nxd4 Bd7 9. Nc2 h5 10. Bg5 Nh7 11. Bd2 h4 12. Nd5 Qc8 13. Rb1 hxg3 14. hxg3 Nf6 15. Re1 Bh3 16. Bf3 Ne5 17. Nce3 Bf5 18. Nxf5 Qxf5 19. Bg2 Nxd5 20. cxd5 Qh5 21. Qb3 Rb8 22. Rbc1 Bh6 23. Bxh6 Qxh6 24. Rc7 Qd2 25. Qc3 Qxc3 26. Rxc3 Kd7 27. f4 Ng4 28. Rec1 Rbc8 29. Rxc8 Rxc8 30. Rxc8 Kxc8 31. Bh3 f5 32.
Bxg4 fxg4 33. e4 Kc7 34. Kf2 Kb6 35. Ke3 Kc5 36. Kd3 a5 37. Kc3 a4 38. b4+ axb3 39. axb3 b6 40. b4+ Kb5 41. Kb3 Ka6 42. Ka4 b5+ 43. Kb3 Kb6 44. Kc3 Kc7 45. Kd3 Kd7 46. Kd4 e6 47. e5 Ke7 48. Ke4 Kd7 49. Kd4 Ke7 50.
exd6+ Kxd6 51. dxe6 Kxe6 52. Kc5 Kf5 53. Kxb5 Ke4 54. Kc6 Kf3 55. b5 Kxg3 56. b6 Kh3 57. b7 g3 58. b8=Q g2 59. Qb3+ Kh2 60. Qc2 Kh1 61. Qxg6 1-0

[Site "Europe Echecs"]